[Event "December 19 Early 2023"]
[Site "https://www.chess.com"]
[Date "2023.12.19"]
[Round "7"]
[White "Koellner, Ruben Gideon"]
[Black "Kravtsiv, Martyn"]
[Result "0-1"]
[Board "29"]
[TimeControl "180+1"]
[WhiteFideId "12993093"]
[BlackFideId "14113147"]
[WhiteElo "2347"]
[BlackElo "2689"]
[WhiteTeam "GER"]
[BlackTeam "UKR"]
[WhiteClock "0:00:00"]
[BlackClock "0:00:29"]

1. d4 e6 2. Nf3 Nf6 3. Nbd2 c5 4. e3 b6 5. c3 Bb7 6. Bd3 Be7 7. O-O O-O 8. e4 d6 9. Qe2 Nbd7 10. Rd1 Qc7 11. Nf1 e5 12. d5 Rfe8 13. Ne3 Bf8 14. a4 g6 15. g3 Bg7 16. Nd2 Rad8 17. b4 Nb8 18. Ndc4 Bc8 19. Na3 Nh5 20. a5 Nf4 21. gxf4 exf4 22. Nec4 cxb4 23. Nb5 Qe7 24. Nbxd6 Rxd6 25. Bxf4 Rdd8 26. Bxb8 Bxc3 27. Rac1 Rxd5 28. exd5 Qg5+ 29. Bg3 Rxe2 30. Bxe2 bxa5 31. Nxa5 h5 32. h4 Qf6 33. d6 Bd7 34. Bf1 g5 35. Bg2 gxh4 36. Bh2 Qg5 37. Kh1 Qxa5 38. Rg1 Kh8 39. Rcd1 b3 40. Rd5 Qb4 41. Rxh5+ Kg7 42. Bc6+ Bg4 43. f3 b2 44. Rxg4+ Qxg4 45. fxg4 b1=Q+ 46. Kg2 Qc2+ 47. Kh3 Bf6 48. g5 Qxc6 49. gxf6+ Kg6 50. Rxh4 Qf3+ 51. Bg3 Qh1+ 52. Kg4 Qd1+ 53. Kh3 a5 54. Rg4+ Kxf6 55. Rf4+ Ke6 56. Rh4 a4 57. Rh6+ f6 58. Rh7 Qh1+ 59. Bh2 Qf1+ 60. Kh4 Qc4+ 61. Kh3 Qd3+ 62. Bg3 Qxh7+ 63. Kg2 Qd7 0-1

[Event "December 19 Early 2023"]
[Site "https://www.chess.com"]
[Date "2023.12.19"]
[Round "7"]
[White "JonaszBaum"]
[Black "Materia, Marco"]
[Result "0-1"]
[Board "30"]
[TimeControl "180+1"]
[BlackFideId "45150451"]
[WhiteElo "2700"]
[BlackElo "2451"]
[BlackTeam "FRA"]
[WhiteClock "0:00:06"]
[BlackClock "0:00:14"]

1. d4 Nf6 2. Nf3 d5 3. g3 c5 4. c4 Nc6 5. dxc5 e6 6. cxd5 exd5 7. Bg2 Bxc5 8. O-O O-O 9. Bg5 h6 10. Bxf6 Qxf6 11. Nc3 Rd8 12. Rc1 Be6 13. a3 Rac8 14. b4 Bf8 15. Na4 d4 16. Nc5 Bxc5 17. Rxc5 Bd5 18. Qc1 d3 19. Rd1 b6 20. Rc3 dxe2 21. Re1 Bxf3 22. Bxf3 Ne7 23. Rxc8 Rxc8 24. Qf4 Qxf4 25. gxf4 Ng6 26. Bxe2 Nxf4 27. Bf1 g5 28. Re7 a5 29. Rb7 axb4 30. axb4 Rc6 31. b5 Rd6 32. h3 Kg7 33. Kh2 Kg6 34. Bc4 f6 35. Kg3 h5 36. h4 Kf5 37. f3 Rd2 38. hxg5 Rg2+ 0-1

[Event "December 19 Early 2023"]
[Site "https://www.chess.com"]
[Date "2023.12.19"]
[Round "7"]
[White "Haug, Havard"]
[Black "Agibileg, Uurtsaikh"]
[Result "0-1"]
[Board "31"]
[TimeControl "180+1"]
[WhiteFideId "1547887"]
[BlackFideId "4901606"]
[WhiteElo "2343"]
[BlackElo "2288"]
[WhiteTeam "NOR"]
[BlackTeam "MGL"]
[WhiteClock "0:00:38"]
[BlackClock "0:00:30"]

1. e4 e5 2. Nf3 Nc6 3. Bc4 Nf6 4. d3 h6 5. O-O g5 6. d4 d6 7. dxe5 g4 8. exf6 gxf3 9. Qxf3 Ne5 10. Qe2 Qxf6 11. f4 Nxc4 12. Qxc4 Rg8 13. Nc3 c6 14. Rf2 Be6 15. Qd3 O-O-O 16. Be3 Kb8 17. Rd1 Be7 18. f5 Bc8 19. Bf4 h5 20. Qe3 Ka8 21. Rfd2 h4 22. Qd4 Qxd4+ 23. Rxd4 d5 24. Kf1 Bc5 25. R4d2 Rg4 26. g3 Rdg8 27. exd5 Bxf5 28. dxc6 bxc6 29. Rd8+ Kb7 30. Na4 Rxf4+ 31. Ke1 Re4+ 32. Kf1 Bh3# 0-1

[Event "December 19 Early 2023"]
[Site "https://www.chess.com"]
[Date "2023.12.19"]
[Round "7"]
[White "Alexandre, Anne Shopie Elizabeth"]
[Black "Taboas Rodriguez, Daniel"]
[Result "1-0"]
[Board "32"]
[TimeControl "180+1"]
[WhiteFideId "11902418"]
[BlackFideId "2208466"]
[WhiteElo "2841"]
[BlackElo "2365"]
[WhiteTeam "HAI"]
[BlackTeam "ESP"]
[WhiteClock "0:02:02"]
[BlackClock "0:01:15"]

1. d4 Nf6 2. c4 g6 3. Nc3 Bg7 4. e4 d6 5. Be2 O-O 6. h4 h5 7. Bg5 Nc6 8. Nf3 Bg4 9. d5 Bxf3 10. gxf3 Ne5 11. f4 Ned7 12. f5 c6 13. Qd2 cxd5 14. exd5 Rc8 15. fxg6 fxg6 16. O-O-O Ne5 17. b3 Qa5 18. Kb1 Nfg4 19. f4 Nxc4 20. Bxc4 Bxc3 21. Qe2 Rf7 22. Bd3 Rg7 23. Qe6+ Kh7 24. Qxc8 Qa3 25. Qxc3 1-0

[Event "December 19 Early 2023"]
[Site "https://www.chess.com"]
[Date "2023.12.19"]
[Round "7"]
[White "Vakhlamov, Igor L."]
[Black "Sharapov, Evgeny"]
[Result "1-0"]
[Board "33"]
[TimeControl "180+1"]
[WhiteFideId "24126748"]
[BlackFideId "14103133"]
[WhiteElo "2407"]
[BlackElo "2358"]
[WhiteTeam "RUS"]
[BlackTeam "UKR"]
[WhiteClock "0:00:20"]
[BlackClock "0:01:15"]

1. e4 c5 2. Nf3 d6 3. Nc3 e5 4. Bc4 Be7 5. d3 Nf6 6. h3 O-O 7. Nh2 Nc6 8. Ng4 Be6 9. Ne3 Nd4 10. a4 Rb8 11. Ned5 Nxd5 12. Nxd5 Kh8 13. c3 Nc6 14. O-O f5 15. f4 fxe4 16. dxe4 exf4 17. Bxf4 Ne5 18. Bxe5 dxe5 19. Qh5 Rxf1+ 20. Rxf1 Bg5 21. Kh1 g6 22. Qf3 a6 23. Qg3 Bf4 24. Rxf4 Bxd5 25. Rf8+ Qxf8 26. Qxe5+ Qg7 27. Qxb8+ Bg8 28. Bxg8 Qxg8 29. Qe5+ Qg7 30. Qxc5 h5 31. Qd4 1-0

[Event "December 19 Early 2023"]
[Site "https://www.chess.com"]
[Date "2023.12.19"]
[Round "7"]
[White "Le, Tuan Minh"]
[Black "Thorfinnsson, Bjorn"]
[Result "1-0"]
[Board "34"]
[TimeControl "180+1"]
[WhiteFideId "12401153"]
[BlackFideId "2300982"]
[WhiteElo "2561"]
[BlackElo "2394"]
[WhiteTeam "VIE"]
[BlackTeam "ISL"]
[WhiteClock "0:00:16"]
[BlackClock "0:00:05"]

1. d4 d5 2. c4 e6 3. Nc3 Be7 4. Nf3 Nf6 5. Bf4 O-O 6. a3 a6 7. cxd5 exd5 8. e3 c6 9. Bd3 Re8 10. O-O Nbd7 11. Rc1 Nf8 12. h3 Bd6 13. Bxd6 Qxd6 14. Na4 Rb8 15. Nc5 N6d7 16. b4 b5 17. Nxd7 Nxd7 18. Qc2 Bb7 19. Bxh7+ Kf8 20. Bf5 Nb6 21. Ne5 Re7 22. Qc5 Qxc5 23. Rxc5 Rxe5 24. dxe5 Nc4 25. Rc1 Nxe5 26. e4 Nd3 27. exd5 Nxc1 28. dxc6 Ne2+ 29. Kf1 Nd4 30. cxb7 Rxb7 31. Bc8 Ra7 32. h4 a5 33. Kg1 axb4 34. axb4 Ra4 35. Rd5 Rxb4 36. g3 Ke7 37. Kg2 Ne6 38. Rd7+ Kf6 39. Rb7 Rb2 40. Rb6 b4 41. Bxe6 fxe6 42. g4 Ke5 43. Kg3 Kd5 44. Rb7 g6 45. h5 gxh5 46. gxh5 Rb1 47. Kg2 Kc5 48. h6 Ra1 49. h7 Ra8 50. Kg3 Rh8 51. Kg4 b3 52. Kg5 Kc4 53. Kg6 Kc3 54. Kg7 Rc8 55. h8=Q Rxh8 56. Kxh8 b2 57. Kg7 1-0

[Event "December 19 Early 2023"]
[Site "https://www.chess.com"]
[Date "2023.12.19"]
[Round "7"]
[White "Aaditya Dhingra"]
[Black "Pranav, V"]
[Result "0-1"]
[Board "35"]
[TimeControl "180+1"]
[WhiteFideId "25678191"]
[BlackFideId "25060783"]
[WhiteElo "2269"]
[BlackElo "2562"]
[WhiteTeam "IND"]
[BlackTeam "IND"]
[WhiteClock "0:01:14"]
[BlackClock "0:01:41"]

1. Nf3 d5 2. c4 d4 3. b4 f6 4. d3 e5 5. a3 a5 6. b5 Nd7 7. g3 Nc5 8. Bg2 Bd6 9. a4 Ne7 10. O-O O-O 11. Nbd2 c6 12. Ba3 Be6 13. Qc2 Rc8 14. Rfb1 b6 15. Ne1 cxb5 16. axb5 f5 17. Bxc5 Bxc5 18. Nef3 Ng6 19. h4 Qf6 20. Ng5 Ne7 21. Nxe6 Qxe6 22. Ra4 Kh8 23. Nb3 f4 24. Nd2 fxg3 25. fxg3 Nf5 26. Bh3 Qg6 0-1

[Event "December 19 Early 2023"]
[Site "https://www.chess.com"]
[Date "2023.12.19"]
[Round "7"]
[White "Yeritsyan, Hayk"]
[Black "Keymer, Vincent"]
[Result "0-1"]
[Board "36"]
[TimeControl "180+1"]
[WhiteFideId "13307320"]
[BlackFideId "12940690"]
[WhiteElo "2130"]
[BlackElo "2629"]
[WhiteTeam "ARM"]
[BlackTeam "GER"]
[WhiteClock "0:00:00"]
[BlackClock "0:00:19"]

1. d4 h6 2. c4 Nf6 3. Nc3 d6 4. e4 e5 5. Nf3 Nbd7 6. Be2 g6 7. O-O Bg7 8. Qc2 O-O 9. dxe5 dxe5 10. Rd1 Re8 11. h3 c6 12. Be3 Nh5 13. b4 Nf4 14. c5 Qf6 15. Rd6 Qe7 16. Bc4 Nf8 17. Rad1 Be6 18. Ne2 Bxc4 19. Qxc4 N4e6 20. Bc1 a5 21. a3 axb4 22. axb4 Ra1 23. Bb2 Rxd1+ 24. Rxd1 Rd8 25. Rxd8 Nxd8 26. Qd3 Nde6 27. Bxe5 Nxc5 28. bxc5 Bxe5 29. Nxe5 Qxe5 30. Qe3 Ne6 31. Qxh6 Qxe4 32. Qd2 Nxc5 33. Ng3 Qe5 34. h4 b5 35. f4 Qd5 36. Qc2 Ne6 37. h5 Nxf4 38. hxg6 fxg6 39. Ne4 Qd4+ 40. Kh2 Qe5 41. g3 Nd5 42. Nf2 Qe6 43. Nd3 Qf5 44. Qb3 Kh7 45. Nc5 Qf2+ 46. Kh3 Qxc5 47. Qf3 Qe7 0-1

[Event "December 19 Early 2023"]
[Site "https://www.chess.com"]
[Date "2023.12.19"]
[Round "7"]
[White "Rozman, Levy"]
[Black "Paravyan, David"]
[Result "0-1"]
[Board "37"]
[TimeControl "180+1"]
[WhiteFideId "2039877"]
[BlackFideId "4194985"]
[WhiteElo "2376"]
[BlackElo "2566"]
[WhiteTeam "USA"]
[BlackTeam "FID"]
[WhiteClock "0:00:05"]
[BlackClock "0:00:44"]

1. d4 d5 2. Nc3 Nf6 3. Bf4 e6 4. Nb5 Bb4+ 5. c3 Ba5 6. a4 a6 7. b4 Bxb4 8. Nxc7+ Qxc7 9. Bxc7 Bxc3+ 10. Qd2 Bxd2+ 11. Kxd2 Nc6 12. e3 O-O 13. f3 Bd7 14. Rb1 b5 15. Bd3 Rfc8 16. Bd6 Na5 17. Ne2 bxa4 18. e4 Bb5 19. e5 Nd7 20. Bxb5 axb5 21. Rxb5 Nc4+ 22. Kd3 Nxd6 23. exd6 Rc6 24. Nc3 Rxd6 25. Ra1 Rda6 26. Rb7 Nf8 27. Ra3 g5 28. Rb4 Ng6 29. g3 Kg7 30. Raxa4 Rxa4 31. Nxa4 h5 32. Nc5 Ra3+ 33. Rb3 Ra2 34. Rb7 Nf8 35. h4 gxh4 36. gxh4 Rh2 37. Ke3 Rxh4 38. Nd3 Ng6 39. Nc5 e5 40. dxe5 Nxe5 41. Ne6+ Kf6 42. Nd8 d4+ 43. Kf2 d3 44. Ke3 d2 45. Rb6+ Ke7 0-1

[Event "December 19 Early 2023"]
[Site "https://www.chess.com"]
[Date "2023.12.19"]
[Round "7"]
[White "Sarana, Alexey"]
[Black "Piesik, Piotr"]
[Result "1-0"]
[Board "38"]
[TimeControl "180+1"]
[WhiteFideId "24133795"]
[BlackFideId "1136194"]
[WhiteElo "2707"]
[BlackElo "2319"]
[WhiteTeam "SRB"]
[BlackTeam "CZE"]
[WhiteClock "0:00:49"]
[BlackClock "0:01:27"]

1. d4 d5 2. c4 e6 3. Nc3 Nf6 4. Bg5 Be7 5. e3 O-O 6. Nf3 c6 7. Bd3 Nbd7 8. O-O dxc4 9. Bxc4 Nd5 10. Bxe7 Qxe7 11. Rc1 Nxc3 12. Rxc3 e5 13. Bb3 e4 14. Nd2 Nf6 15. Rc5 Be6 16. Re5 Bxb3 17. Rxe7 Bxd1 18. Rxd1 Rfe8 19. Rxb7 Reb8 20. Rxb8+ Rxb8 21. b3 Kf8 22. Rc1 Rb6 23. Nc4 Ra6 24. a4 Nd7 25. Nd6 Nf6 26. Nc4 Nd7 27. Kf1 Ke7 28. Ke2 f5 29. h3 c5 30. d5 Rg6 31. g3 Rh6 32. h4 Rf6 33. Rd1 h6 34. a5 g5 35. hxg5 hxg5 36. Rh1 f4 37. gxf4 gxf4 38. Rh4 Rf5 39. d6+ Ke6 40. exf4 Nf6 41. a6 Nd5 42. Rh6+ Nf6 43. Rg6 Kf7 44. Ne5+ Rxe5 45. fxe5 Kxg6 46. exf6 Kxf6 47. Ke3 Ke6 48. Kxe4 Kxd6 49. f4 1-0

[Event "December 19 Early 2023"]
[Site "https://www.chess.com"]
[Date "2023.12.19"]
[Round "7"]
[White "Gubajdullin, Alexei"]
[Black "Muradli, Mahammad"]
[Result "1-0"]
[Board "39"]
[TimeControl "180+1"]
[WhiteFideId "4141202"]
[BlackFideId "13409301"]
[WhiteElo "2274"]
[BlackElo "2551"]
[WhiteTeam "RUS"]
[BlackTeam "AZE"]
[WhiteClock "0:00:25"]
[BlackClock "0:00:00"]

1. e4 d6 2. d4 Nf6 3. Nc3 g6 4. Be3 Bg7 5. Qd2 O-O 6. Nf3 Nc6 7. d5 Nb8 8. Bh6 c6 9. Bxg7 Kxg7 10. h4 Bg4 11. Ng5 h6 12. Nh3 cxd5 13. exd5 Bxh3 14. Rxh3 Nbd7 15. Be2 Rc8 16. O-O-O Qa5 17. Kb1 Ne5 18. h5 g5 19. f4 gxf4 20. Qxf4 Rh8 21. Rg3+ Kf8 22. Qf5 Rc5 23. Rf1 Ng8 24. Re3 Nf6 25. Rxe5 dxe5 26. Qxe5 Rxc3 27. bxc3 Rg8 28. Bc4 Rg5 29. Qb8+ Kg7 30. d6 Qxc3 31. Bb3 exd6 32. Qxd6 Qe5 33. Qd8 b6 34. Qb8 Qf5 35. Rxf5 1-0

[Event "December 19 Early 2023"]
[Site "https://www.chess.com"]
[Date "2023.12.19"]
[Round "7"]
[White "Espinoza Villanueva, Rodrigo"]
[Black "Movahed, Sina"]
[Result "0-1"]
[Board "40"]
[TimeControl "180+1"]
[WhiteFideId "5140188"]
[BlackFideId "42520835"]
[WhiteElo "1907"]
[BlackElo "2341"]
[WhiteTeam "MEX"]
[BlackTeam "IRI"]
[WhiteClock "0:00:01"]
[BlackClock "0:00:19"]

1. Nf3 Nf6 2. g3 e6 3. Bg2 d5 4. O-O Be7 5. d3 O-O 6. Nbd2 c5 7. e4 Nc6 8. Re1 b5 9. e5 Nd7 10. Nf1 a5 11. Bf4 a4 12. a3 b4 13. h4 bxa3 14. bxa3 Rb8 15. Ne3 Nd4 16. h5 Nxf3+ 17. Qxf3 Bb7 18. Qg4 Kh8 19. Rab1 Ba8 20. Rxb8 Nxb8 21. Rb1 Nc6 22. h6 g5 23. Nf1 Rg8 24. Bd2 d4 25. Qh5 Nxe5 26. f4 Ng6 27. fxg5 Bxg2 28. Kxg2 Ne5 29. Bf4 Qd5+ 30. Kf2 c4 31. Qe2 Ng6 32. Nd2 e5 33. dxc4 Qe6 34. Qe4 exf4 35. gxf4 Qxe4 36. Nxe4 Nxf4 37. Kf3 Ne6 38. Rb7 Bxa3 39. Kg4 Bc1 40. Rxf7 Nxg5 41. Nxg5 Bxg5 42. Kh5 Bd8 43. c5 Rg5+ 44. Kh4 Rf5+ 0-1

[Event "December 19 Early 2023"]
[Site "https://www.chess.com"]
[Date "2023.12.19"]
[Round "7"]
[White "Tari, Aryan"]
[Black "Fromm, Marius"]
[Result "1-0"]
[Board "41"]
[TimeControl "180+1"]
[WhiteFideId "1510045"]
[BlackFideId "12993190"]
[WhiteElo "2577"]
[BlackElo "2335"]
[WhiteTeam "NOR"]
[BlackTeam "GER"]
[WhiteClock "0:00:02"]
[BlackClock "0:00:00"]

1. e4 c5 2. Nf3 e6 3. c3 d5 4. exd5 Qxd5 5. d4 Nf6 6. Na3 Nc6 7. Be3 cxd4 8. Nb5 Qd7 9. Nbxd4 Nd5 10. Bd2 Bd6 11. Nxc6 bxc6 12. c4 Ne7 13. Qc2 c5 14. Bd3 Ng6 15. Be4 Bb7 16. O-O-O O-O 17. Bc3 Bxe4 18. Qxe4 Qe7 19. h4 f5 20. Qc2 e5 21. h5 Nf4 22. g3 e4 23. gxf4 exf3 24. Qd2 Rad8 25. Qd5+ Qf7 26. Qxf3 Qxc4 27. Rhg1 Qxf4+ 28. Qxf4 Bxf4+ 29. Kc2 Bh6 30. Rxd8 Rxd8 31. Re1 Kf7 32. Re5 g6 33. Rxc5 Rd7 34. Rc6 Bg7 35. hxg6+ hxg6 36. a4 g5 37. a5 g4 38. a6 Bxc3 39. Kxc3 Kg7 40. b4 f4 41. Rc5 Kf6 42. Rc8 Kf5 43. Rf8+ Ke4 44. b5 Kf3 45. Kc4 Kxf2 46. Rxf4+ Kg3 47. Rd4 Rf7 48. Kd5 Kh3 49. Ke6 1-0

[Event "December 19 Early 2023"]
[Site "https://www.chess.com"]
[Date "2023.12.19"]
[Round "7"]
[White "Golubev, Mikhail"]
[Black "Corrales Jimenez, Fidel"]
[Result "0-1"]
[Board "42"]
[TimeControl "180+1"]
[WhiteFideId "14100983"]
[BlackFideId "3506690"]
[WhiteElo "2352"]
[BlackElo "2507"]
[WhiteTeam "UKR"]
[BlackTeam "USA"]
[WhiteClock "0:00:02"]
[BlackClock "0:01:52"]

1. e4 d6 2. d4 Nf6 3. Nc3 g6 4. Bg5 Bg7 5. Qd2 h6 6. Be3 Ng4 7. Bf4 e5 8. dxe5 Nxe5 9. O-O-O a6 10. Nf3 Nxf3 11. gxf3 Nc6 12. Bc4 Be6 13. Bxe6 fxe6 14. Rhg1 Qf6 15. e5 Nxe5 16. Bxe5 Qxe5 17. Rxg6 Kf7 18. Rdg1 Bf6 19. Rxh6 Rag8 20. Rxg8 Rxg8 21. Rh7+ Ke8 22. Qd1 Qg5+ 23. Kb1 Qg1 24. Rxc7 Bxc3 25. Rc8+ Kd7 0-1

[Event "December 19 Early 2023"]
[Site "https://www.chess.com"]
[Date "2023.12.19"]
[Round "7"]
[White "Harutjunyan, Gevorg"]
[Black "Karttunen, Mika"]
[Result "1/2-1/2"]
[Board "43"]
[TimeControl "180+1"]
[WhiteFideId "13300873"]
[BlackFideId "502081"]
[WhiteElo "2436"]
[BlackElo "2396"]
[WhiteTeam "ARM"]
[BlackTeam "FIN"]
[WhiteClock "0:00:08"]
[BlackClock "0:00:04"]

1. e4 c5 2. Nf3 d6 3. d4 cxd4 4. Nxd4 Nf6 5. Nc3 a6 6. f4 e5 7. Nf3 Nbd7 8. a4 exf4 9. Bxf4 Be7 10. Bxd6 O-O 11. Be2 Re8 12. Bxe7 Rxe7 13. O-O Qb6+ 14. Qd4 Nxe4 15. Nd5 Qxd4+ 16. Nxd4 Re5 17. Bc4 Nd6 18. Ba2 Nf8 19. Rae1 Rxe1 20. Rxe1 Bd7 21. Nb6 Rd8 22. Re7 g6 23. Bd5 Kg7 24. Nxd7 Rxd7 25. Rxd7 Nxd7 26. b4 b6 27. Kf2 a5 28. bxa5 bxa5 29. Nc6 Nb6 30. Bb3 Nb7 31. Ke3 f5 32. Kd4 Kf6 33. c4 Nd7 34. Bc2 g5 35. Kd5 h5 36. Nd4 f4 37. Kc6 Nbc5 38. Nb3 Nxb3 39. Bxb3 Ne5+ 40. Kd6 g4 41. c5 f3 42. gxf3 gxf3 43. Bd5 f2 44. Bg2 Nc4+ 45. Kd7 Ne3 46. Bh3 Kg5 47. c6 Kh4 48. Bf1 Nxf1 49. c7 Nxh2 50. c8=Q f1=Q 51. Qd8+ Kg3 52. Qxa5 Qf7+ 53. Kc6 Ng4 54. Qc3+ Kf4 55. a5 Ne5+ 56. Kb5 Qb7+ 57. Ka4 Qc6+ 58. Qxc6 Nxc6 59. a6 h4 60. Kb5 h3 61. Kxc6 h2 62. Kb7 h1=Q+ 63. Kb8 Qb1+ 64. Ka8 Qe4+ 65. Kb8 Qb4+ 66. Kc7 Qc5+ 67. Kb7 Qa5 68. a7 Qb5+ 69. Ka8 Qb6 1/2-1/2

[Event "December 19 Early 2023"]
[Site "https://www.chess.com"]
[Date "2023.12.19"]
[Round "7"]
[White "Tokhirjonova, Gulrukhbegim"]
[Black "Yeletsky, Ivan"]
[Result "0-1"]
[Board "44"]
[TimeControl "180+1"]
[WhiteFideId "14203626"]
[BlackFideId "24180327"]
[WhiteElo "2265"]
[BlackElo "2379"]
[WhiteTeam "USA"]
[BlackTeam "RUS"]
[WhiteClock "0:00:04"]
[BlackClock "0:00:57"]

1. Nf3 c5 2. e4 g6 3. Nc3 Bg7 4. Bc4 Nc6 5. d3 d6 6. Ng5 e6 7. O-O h6 8. Nf3 Nge7 9. a4 a6 10. Bf4 g5 11. Bg3 O-O 12. h4 g4 13. Nh2 d5 14. Ba2 f5 15. exd5 exd5 16. f3 f4 17. Be1 g3 18. Ng4 h5 19. Nf2 Bd4 20. Ne4 Kg7 21. Ng5 Nf5 22. c3 Be3 23. Kh1 gxf2 24. Bxf2 Bxf2 25. Rxf2 Nxh4 26. Nh3 Bxh3 27. gxh3 Kh7 28. d4 c4 29. Bb1+ Kh8 30. Qc2 Qc7 31. Qd2 Rae8 32. Bc2 Qd7 33. Kh2 Re3 34. Raf1 Rg8 35. Re2 Rg3 0-1

[Event "December 19 Early 2023"]
[Site "https://www.chess.com"]
[Date "2023.12.19"]
[Round "7"]
[White "Klukin, Kirill"]
[Black "Boyer, Mahel"]
[Result "0-1"]
[Board "45"]
[TimeControl "180+1"]
[WhiteFideId "24199273"]
[BlackFideId "45102422"]
[WhiteElo "2348"]
[BlackElo "2449"]
[WhiteTeam "RUS"]
[BlackTeam "FRA"]
[WhiteClock "0:00:00"]
[BlackClock "0:00:06"]

1. d4 d6 2. Nf3 g6 3. e3 Bg7 4. Be2 e5 5. c4 exd4 6. Nxd4 Nf6 7. O-O O-O 8. b3 c5 9. Nb5 Ne4 10. Bf3 Bxa1 11. Bxe4 Bg7 12. Qxd6 Qxd6 13. Nxd6 Nc6 14. Ba3 Nb4 15. Bxb4 cxb4 16. Nxb7 Rb8 17. Na5 Bf5 18. Bd5 Rfc8 19. Nc6 Rb7 20. Nd4 Rd7 21. Nxf5 gxf5 22. Nd2 Kf8 23. Nf3 Rxd5 24. cxd5 Rc2 25. g3 a5 26. Rd1 Rxa2 27. d6 Ke8 28. d7+ Kd8 29. Nh4 Ra1 30. Rxa1 Bxa1 31. Nxf5 a4 32. Nd6 a3 33. Nb7+ Kxd7 0-1

[Event "December 19 Early 2023"]
[Site "https://www.chess.com"]
[Date "2023.12.19"]
[Round "7"]
[White "Kezin, Roman"]
[Black "Manukyan, Sargis A."]
[Result "0-1"]
[Board "46"]
[TimeControl "180+1"]
[WhiteFideId "24124621"]
[BlackFideId "13303970"]
[WhiteElo "2492"]
[BlackElo "2186"]
[WhiteTeam "RUS"]
[BlackTeam "ARM"]
[WhiteClock "0:00:00"]
[BlackClock "0:00:33"]

1. e4 c5 2. a4 d6 3. Nf3 Nf6 4. Bb5+ Bd7 5. Qe2 e6 6. O-O Be7 7. c3 O-O 8. d4 cxd4 9. cxd4 d5 10. e5 Bxb5 11. axb5 Ne4 12. Ne1 f6 13. f3 Ng5 14. Nd3 f5 15. Nc5 b6 16. Nb7 Qd7 17. Nd6 Nf7 18. Nxf7 Rxf7 19. Nc3 Qb7 20. Bd2 Nd7 21. Ra6 Nb8 22. Ra4 a5 23. bxa6 Rxa6 24. Rxa6 Nxa6 25. Ra1 Nb4 26. Nb5 Nc6 27. Nd6 Bxd6 28. exd6 Qd7 29. Bf4 Nxd4 30. Qd3 Nb5 31. Be5 Nxd6 32. Ra8+ Rf8 33. Rxf8+ Kxf8 34. Qa3 Ke7 35. Bxg7 Kf7 36. Bd4 Nc4 37. Qb4 e5 38. Bf2 Qc6 39. b3 Nb2 40. Qd2 Nc4 41. bxc4 dxc4 42. Qc3 Ke6 43. h3 b5 44. Kh2 f4 45. Be1 Qc5 46. Qa5 Kd5 47. Qd8+ Qd6 48. Qg8+ Kc6 49. Qxh7 b4 50. Qe4+ Kb5 51. Qb7+ Ka4 52. Qa7+ Kb3 53. Qb7 c3 54. Qe4 c2 55. Bxb4 Qxb4 56. Qd3+ Kb2 57. Qe2 Kb1 58. Qd3 Kb2 59. Qe2 Qc5 60. h4 Qc6 61. h5 Ka1 62. Qxe5+ Ka2 63. Qe2 Qc5 0-1

[Event "December 19 Early 2023"]
[Site "https://www.chess.com"]
[Date "2023.12.19"]
[Round "7"]
[White "Hong, Andrew"]
[Black "Iskusnyh, Sergei"]
[Result "1-0"]
[Board "47"]
[TimeControl "180+1"]
[WhiteFideId "2099438"]
[BlackFideId "4120027"]
[WhiteElo "2460"]
[BlackElo "2455"]
[WhiteTeam "USA"]
[BlackTeam "RUS"]
[WhiteClock "0:01:34"]
[BlackClock "0:00:04"]

1. d4 d5 2. Bf4 Nf6 3. Nc3 c5 4. e3 cxd4 5. exd4 Bg4 6. Be2 Bxe2 7. Ncxe2 Nc6 8. Nf3 e6 9. O-O Be7 10. c3 O-O 11. Nc1 Ne4 12. Nd3 Bd6 13. Qc1 Qc7 14. Re1 Rac8 15. a4 Na5 16. Bxd6 Qxd6 17. Qd1 Nc4 18. Nfe5 Nxe5 19. Nxe5 Rc7 20. a5 b6 21. a6 Qe7 22. Re3 f6 23. Nd3 Qf7 24. Qe2 Re8 25. Re1 Rce7 26. Nb4 Kf8 27. Qb5 Nd6 28. Qc6 Nc4 29. R3e2 Rc7 30. Rxe6 Rxe6 31. Qxe6 Qxe6 32. Rxe6 Nxb2 33. Nxd5 Rd7 34. Nxb6 axb6 35. Rxb6 Nc4 36. Rb7 Re7 37. g3 Re1+ 38. Kg2 Ra1 39. a7 Nb6 40. c4 Ke8 41. c5 Nd7 42. Rb8+ Ke7 43. a8=Q 1-0

[Event "December 19 Early 2023"]
[Site "https://www.chess.com"]
[Date "2023.12.19"]
[Round "7"]
[White "Dragun, Kamil"]
[Black "Domingo Nunez, Alejandro"]
[Result "1-0"]
[Board "48"]
[TimeControl "180+1"]
[WhiteFideId "1134167"]
[BlackFideId "22245561"]
[WhiteElo "2551"]
[BlackElo "2252"]
[WhiteTeam "POL"]
[BlackTeam "ESP"]
[WhiteClock "0:00:34"]
[BlackClock "0:01:19"]

1. d4 Nf6 2. c4 g6 3. Nc3 Bg7 4. e4 d6 5. Be2 O-O 6. Be3 e5 7. d5 Na6 8. h4 Nc5 9. Qc2 a5 10. h5 Nxh5 11. Bxh5 gxh5 12. Rxh5 Qe8 13. Bxc5 f5 14. Rh2 dxc5 15. Nf3 Qg6 16. Nh4 Qg4 17. Qe2 Qg5 18. exf5 Bxf5 19. Nxf5 Rxf5 20. Ne4 Qf4 21. g3 Qf3 22. Qxf3 Rxf3 23. Ke2 Rf5 24. Nxc5 b5 25. cxb5 e4 26. Rd1 Re8 27. Rh4 e3 28. fxe3 Rg5 29. Kf3 Be5 30. Ne6 Rf5+ 31. Ke4 1-0

[Event "December 19 Early 2023"]
[Site "https://www.chess.com"]
[Date "2023.12.19"]
[Round "7"]
[White "Janaszak, Dawid"]
[Black "Suyarov, Mukhammadzokhid"]
[Result "1-0"]
[Board "49"]
[TimeControl "180+1"]
[WhiteFideId "1119206"]
[BlackFideId "14210495"]
[WhiteElo "2218"]
[BlackElo "2449"]
[WhiteTeam "POL"]
[BlackTeam "UZB"]
[WhiteClock "0:00:10"]
[BlackClock "0:00:27"]

1. e4 e5 2. Nf3 Nc6 3. Bc4 Bc5 4. c3 Nf6 5. d4 exd4 6. e5 d5 7. Be2 d3 8. Bxd3 Ne4 9. O-O Bg4 10. Bf4 f6 11. h3 Bh5 12. exf6 Qxf6 13. Bxc7 Qf7 14. Bh2 O-O 15. Be2 Bb6 16. Nbd2 Rad8 17. Nb3 Rde8 18. Nbd4 Re7 19. a4 Qf6 20. Kh1 Kh8 21. b4 Nxc3 22. Qd2 Nxd4 23. Nxd4 Nxe2 24. Nxe2 Bxe2 25. Rfe1 Qxf2 26. Qxd5 Ref7 27. Bd6 Re8 28. a5 Bd4 29. Rac1 h6 30. Bh2 Kh7 31. Bg1 Qg3 32. Qxf7 Bxg1 33. Rxg1 Re3 34. Qf5+ Qg6 35. Qxg6+ Kxg6 36. Rge1 Re6 37. Rc2 Bc4 38. Rxe6+ Bxe6 39. Rc7 Bd5 40. Kg1 a6 41. Kf2 Kf6 42. g3 Bc6 43. h4 g6 44. Ke3 g5 45. h5 g4 46. Kf4 Bf3 47. Rh7 Ke6 48. Rxh6+ Kd5 49. Rb6 Kc4 50. h6 Bd5 51. h7 Bc6 52. h8=Q Kb3 53. Qe5 Ka4 54. b5 Bxb5 55. Rxb7 Kxa5 56. Qa1+ Kb4 57. Qb2+ Kc5 58. Kxg4 Kc6 59. Rb8 Kc7 60. Rxb5 axb5 61. Qxb5 1-0

[Event "December 19 Early 2023"]
[Site "https://www.chess.com"]
[Date "2023.12.19"]
[Round "7"]
[White "Jakubowski, Krzysztof"]
[Black "Postny, Evgeny"]
[Result "1-0"]
[Board "50"]
[TimeControl "180+1"]
[WhiteFideId "1112848"]
[BlackFideId "2804344"]
[WhiteElo "2369"]
[BlackElo "2505"]
[WhiteTeam "POL"]
[BlackTeam "ISR"]
[WhiteClock "0:00:04"]
[BlackClock "0:00:01"]

1. e4 e6 2. d4 d5 3. Nc3 Nf6 4. e5 Nfd7 5. Nce2 c5 6. c3 Nc6 7. Nf3 b5 8. h4 b4 9. Nf4 bxc3 10. bxc3 Qa5 11. Bd2 Qa3 12. Rh3 Ba6 13. Ng5 Bxf1 14. Kxf1 Qa6+ 15. Kg1 Nd8 16. Qc2 h6 17. Nxf7 Kxf7 18. Qg6+ Kg8 19. Rg3 Rh7 20. Nxd5 Qe2 21. Nc7 Rc8 22. Nxe6 Qxd2 23. Qe8 Qb2 24. Rf1 Qb6 25. Nxg7 Kh8 26. Qxd7 Qc6 27. Qxc6 Nxc6 28. Nf5 Rf7 29. Rf3 cxd4 30. cxd4 Nb4 31. e6 Rf6 32. Re1 Re8 33. Nd6 Rfxe6 34. Rxe6 Rxe6 35. Rxf8+ Kg7 36. Rd8 Nc6 37. Rd7+ Kg6 38. Nc4 Re1+ 39. Kh2 Nb4 40. Ne5+ Kf6 41. Rxa7 Re4 42. Nf3 Nd5 43. a4 Re2 44. Kg3 Ra2 45. Ra6+ Ke7 46. a5 Nc3 47. Rxh6 Ne4+ 48. Kf4 Nxf2 49. a6 Nd3+ 50. Ke4 Nf2+ 51. Kd5 Ra5+ 52. Kc4 Ne4 53. Kb4 Ra1 54. Rh7+ Kf6 55. a7 Nd6 56. Kc5 Ne4+ 57. Kb6 Nc3 58. Kb7 Nd5 59. a8=Q Rb1+ 60. Kc6 1-0